 Dungeon Sprint DCSS version 0.31-a0-344-gd109795599 (webtiles) character file.

Game seed: 1458882915805387854

5956 garrulousMonolith the Ninja (level 10, 0/55 HPs)
             Began as a Spriggan Enchanter on July 21, 2023.
             Was an Initiate of Gozag.
             Slain by a demonic crawler (10 damage)
             ... in the Dungeon (Sprint I: "Red Sonja").
             The game lasted 00:08:54 (1089 turns).

garrulousMonolith the Ninja (Spriggan Enchanter)    Turns: 1089, Time: 00:08:54

Health: 0/55       AC:  9    Str:  4    XL:     10   Next: 54%
Magic:  12/25      EV: 13    Int: 26    God:    Gozag
Gold:   899        SH:  0    Dex: 17    Spells: 19/30 levels left

rFire   . . .        o - +2 dagger (venom)
rCold   . . .        (no shield)
rNeg    . . .        v - +0 swamp dragon scales
rPois   +            n - +2 hat
rElec   .            (no cloak)
rCorr   .            (gloves unavailable)
SInv    +            (boots unavailable)
Will    ++...        w - amulet of regeneration
Stlth   +++++++++    x - ring of willpower
HPRegen 1.09/turn    y - +6 ring of intelligence
MPRegen 0.19/turn

%: no teleportation
@: confusing by touch, very quick
A: very small, no large weapons, unfitting armour, see invisible, speed 3
a: Renounce Religion, Potion Petition, Call Merchant, Bribe Branch


You were in the Dungeon.
You worshipped Gozag.
Gozag was pleased with you.
You visited 1 branch You collected 3231 gold pieces.
You spent 2332 gold pieces at shops.

Inventory:

Hand Weapons
 o - a +2 dagger of venom (weapon)
 u - the +9 broad axe "Jaogum" {antimagic, rF+ Dex+5}
   (You found it in the Dungeon)

   Dex:       It affects your dexterity (+5).
   rF:        It protects you from fire.
Missiles
 k - 28 stones
 l - 5 curare-tipped darts
Armour
 n - a +2 hat (worn)
 v - +0 swamp dragon scales (worn)
Jewellery
 r - a ring of positive energy
 w - an amulet of regeneration (around neck)
 x - a ring of willpower (left hand)
 y - a +6 ring of intelligence (right hand)
Wands
 h - a wand of flame (1)
Scrolls
 i - a scroll of blinking
 m - 2 scrolls of poison
 q - a scroll of brand weapon
Potions
 c - a potion of invisibility
 d - 3 potions of curing
 f - a potion of haste
 g - 2 potions of magic
 j - a potion of degeneration {unknown}
 p - a potion of ambrosia {unknown}
 s - a potion of mutation {unknown}


   Skills:
 + Level 7.1 Fighting
 - Level 10.0 Short Blades
 - Level 2.6 Dodging
 O Level 27 Stealth
 + Level 10.5 Spellcasting
 + Level 10.7 Hexes
 - Level 3.0 Ice Magic


You had 19 spell levels left.
You knew the following spells:

 Your Spells              Type           Power      Damage    Failure   Level
a - Ensorcelled Hibernat  Hex/Ice        98%        N/A       2%          2
b - Confusing Touch       Hex            62%        N/A       1%          3
c - Tukima's Dance        Hex            62%        N/A       1%          3
d - Dazzling Flash        Conj/Hex       82%        N/A       9%          3

Your spell library contained the following spells:

 Spells                   Type           Power      Damage    Failure   Level


Dungeon Overview and Level Annotations

Branches:
Dungeon (1/1)

Altars:
Cheibriados
Dithmenos
Elyvilon
Fedhas
Gozag
Hepliaklqana
Kikubaaqudgha
Makhleb
Nemelex Xobeh
Okawaru
Qazlal
Ru
Sif Muna
Trog
Uskayaw
Vehumet
Wu Jian
Xom
Yredelemnul
Zin
The Shining One
Jiyva
Lugonu

Shops:
D *?*([:[*(**=[[*[[

Annotations:
D exclusion: 4 doors


Innate Abilities, Weirdness & Mutations

You are very small and have problems with some larger weapons.
You are too small for most types of armour.
You have supernaturally acute eyesight. (SInv)
You cover ground extremely quickly. (Speed+++)


Message History

The demonic crawler closely misses you. The demonic crawler barely misses you.
There is an open door here.
You hit the demonic crawler but do no damage.
The demonic crawler appears confused.
You catch the helpless demonic crawler completely off-guard!
You spit the demonic crawler like a pig!!!
The demonic crawler is almost dead.
Casting: Confusing Touch (safe; 1% risk of failure)
Confirm with . or Enter, or press ? or * to list all spells.
Your hands begin to glow red.
The demonic crawler hits the demonic crawler.
The demonic crawler hits the demonic crawler but does no damage.
The demonic crawler barely misses the demonic crawler.
You hit the demonic crawler but do no damage.
The demonic crawler appears confused.
The demonic crawler hits itself! x2
The demonic crawler barely misses itself.
The demonic crawler hits you!
The demonic crawler completely misses you.
The demonic crawler barely misses you.
You hit the demonic crawler but do no damage.
The demonic crawler hits you.
The demonic crawler barely misses you. x2
The demonic crawler hits the demonic crawler but does no damage.
The demonic crawler hits the demonic crawler.
The demonic crawler hits the demonic crawler but does no damage.
The demonic crawler hits you.
* * * LOW HITPOINT WARNING * * *
The demonic crawler hits you but does no damage.
The demonic crawler closely misses you.
There is an open door here.
Something hits the demonic crawler! x2
Something barely misses the demonic crawler.
You hit the demonic crawler but do no damage.
Casting: Confusing Touch (safe; 1% risk of failure)
Confirm with . or Enter, or press ? or * to list all spells.
Your hands begin to glow red.
The demonic crawler hits you!
* * * LOW HITPOINT WARNING * * *
The demonic crawler hits you but does no damage. x2
The demonic crawler hits you!
You die...
Your body crumbles into a pile of gold.

##########################
#<.#.)'..#.)'..#__#..'.$)# $ $
#..'..#.)'..#s.s..'..#...##+#$
#..#####'#####s#__####)..'..#$
#..####..#...#@####§.#####..+$
#..#__####..##.#§~§§§#..# +##
#..#_____##'#_.'~~§§.'.§#
#⌠⌠#_.∩...'..._#§~§.§#..#
####_..__##_.#'##§#####§###
$$#_____###'#.#.§).###.§.#
############.####)###.###.#
#∩........'...'.....'.∩##.#
###++++####...###########.# $


You could see 3 demonic crawlers.

Vanquished Creatures
  2 centaur warriors (D)
  A demonic crawler (D)
  Sonja (D)
  A deep troll (D)
  An oklob plant (D)
  2 kobold demonologists (D)
  2 unseen horrors (D)
  A hornet (D)
  Sigmund (D)
  A slime creature (D)
  A yak (D)
  2 redbacks (D)
  2 floating eyes (D)
  An ogre (D)
  7 necrophages (D)
  8 jellies (D)
  Ijyb (D)
  A ballistomycete spore (D)
36 creatures vanquished.

Vanquished Creatures (others)
  A ballistomycete spore (D)
1 creature vanquished.

Grand Total: 37 creatures vanquished

Notes
Turn   | Place    | Note
-------+----------+-------------------------------------------
     0 | D        | garrulousMonolith the Spriggan Enchanter began the quest
                  | for the Orb.
     0 | D        | Reached XP level 1. HP: 9/9 MP: 5/5
     2 | D        | Noticed Ijyb
     9 | D        | Killed Ijyb
    10 | D        | Reached skill level 10 in Stealth
    10 | D        | Reached XP level 2. HP: 13/13 MP: 6/6
    56 | D        | Learned a level 2 spell: Ensorcelled Hibernation
    56 | D        | Noticed an ogre
    59 | D        | Killed an ogre
    60 | D        | Reached skill level 14 in Stealth
    60 | D        | Reached XP level 3. HP: 16/16 MP: 8/8
    60 | D        | Reached XP level 4. HP: 21/21 MP: 9/9
    64 | D        | Learned a level 3 spell: Confusing Touch
    72 | D        | Noticed Sigmund
    75 | D        | Killed Sigmund
    76 | D        | Reached skill level 19 in Stealth
    76 | D        | Reached XP level 5. HP: 24/24 MP: 10/10
    76 | D        | Reached XP level 6. HP: 28/28 MP: 11/11
    87 | D        | Found a shimmering blue altar of Sif Muna.
    88 | D        | Found an ornate altar of the Wu Jian Council.
    89 | D        | Found a radiant altar of Vehumet.
   112 | D        | Found Kateppe's Magic Scroll Emporium.
   112 | D        | Found an ancient bone altar of Kikubaaqudgha.
   112 | D        | Found a hazy altar of Hepliaklqana.
   112 | D        | Found a stormy altar of Qazlal.
   112 | D        | Found a hide-covered altar of Uskayaw.
   112 | D        | Found a blossoming altar of Fedhas.
   112 | D        | Found a bloodstained altar of Trog.
   112 | D        | Found an iron altar of Okawaru.
   112 | D        | Found a basalt altar of Yredelemnul.
   112 | D        | Found a glowing golden altar of the Shining One.
   112 | D        | Found a snail-covered altar of Cheibriados.
   112 | D        | Found a sacrificial altar of Ru.
   112 | D        | Found a glowing silver altar of Zin.
   112 | D        | Found a shadowy altar of Dithmenos.
   112 | D        | Found a white marble altar of Elyvilon.
   112 | D        | Noticed a yak
   115 | D        | Killed a yak
   116 | D        | Reached skill level 21 in Stealth
   116 | D        | Found an opulent altar of Gozag.
   129 | D        | Found a sparkling altar of Nemelex Xobeh.
   132 | D        | Became a worshipper of Gozag Ym Sagoz the Greedy
   159 | D        | Noticed Sonja
   163 | D        | Killed Sonja
   164 | D        | Reached skill level 25 in Stealth
   164 | D        | Reached XP level 7. HP: 32/32 MP: 12/12
   174 | D        | Noticed a deep troll
   178 | D        | Killed a deep troll
   179 | D        | Reached skill level 27 in Stealth
   179 | D        | Reached XP level 8. HP: 37/37 MP: 13/13
   185 | D        | Found Ahunnuaz's Armour Emporium.
   192 | D        | Bought a +2 hat for 192 gold pieces
   327 | D        | Found Saklorix's Assorted Antiques.
   335 | D        | Bought a potion of heal wounds for 155 gold pieces
   357 | D        | Found a burning altar of Makhleb.
   357 | D        | Found a viscous altar of Jiyva.
   357 | D        | Found a shimmering altar of Xom.
   357 | D        | Found a corrupted altar of Lugonu.
   357 | D        | Noticed a slime creature
   360 | D        | Killed a slime creature
   361 | D        | Reached skill level 1 in Fighting
   361 | D        | Reached skill level 1 in Ice Magic
   374 | D        | Noticed a kobold demonologist
   375 | D        | Noticed a kobold demonologist
   379 | D        | Killed a kobold demonologist
   380 | D        | Reached skill level 5 in Short Blades
   380 | D        | Reached skill level 5 in Hexes
   380 | D        | Reached XP level 9. HP: 43/43 MP: 14/17
   381 | D        | Killed a kobold demonologist
   382 | D        | Reached skill level 5 in Spellcasting
   435 | D        | Noticed a centaur warrior
   436 | D        | Noticed a centaur warrior
   443 | D        | Killed a centaur warrior
   453 | D        | Killed a centaur warrior
   504 | D        | Noticed an oklob plant
   506 | D        | Killed an oklob plant
   507 | D        | Reached XP level 10. HP: 51/51 MP: 20/22
   515 | D        | Reached skill level 5 in Fighting
   515 | D        | Reached skill level 10 in Short Blades
   728 | D        | Reached skill level 10 in Hexes
   742 | D        | Identified the +9 broad axe "Jaogum" {antimagic, rF+ Dex+5}
   895 | D        | Found Nunel's Antique Armour Boutique.
   895 | D        | Found Ycinnaos's Antique Armour Emporium.
   895 | D        | Found Bikhuhath's General Store.
   897 | D        | Found Sununo's Armour Boutique.
   897 | D        | Found Geiriddy's Jewellery Shoppe.
   897 | D        | Found Xufyhe's Assorted Antiques.
   897 | D        | Found Addomemoy's General Store.
   897 | D        | Found Tafota Wieke's Weapon Boutique.
   897 | D        | Found Dakeirovo's Assorted Antiques.
   897 | D        | Found Asest's Armour Shop.
   900 | D        | Found Nytehe's Book Emporium.
   901 | D        | Found Zusovu Cocs's Armour Boutique.
   901 | D        | Found Pokux's Antique Weapon Shoppe.
   902 | D        | Found Baheze's General Store.
   904 | D        | Bought a scroll of identify for 26 gold pieces
   923 | D        | Bought +0 swamp dragon scales for 600 gold pieces
   937 | D        | Learned a level 3 spell: Tukima's Dance
   941 | D        | Learned a level 3 spell: Dazzling Flash
   946 | D        | Bought an amulet of regeneration for 300 gold pieces
   946 | D        | Bought a ring of willpower for 250 gold pieces
   946 | D        | Bought a +6 ring of intelligence for 360 gold pieces
  1006 | D        | Bought a +2 short sword of venom for 202 gold pieces
  1006 | D        | Bought 2 scrolls of brand weapon for 247 gold pieces
  1056 | D        | Noticed a demonic crawler
  1056 | D        | Noticed a demonic crawler
  1056 | D        | Noticed a demonic crawler
  1056 | D        | Noticed a demonic crawler
  1064 | D        | Killed a demonic crawler
  1065 | D        | Reached skill level 10 in Spellcasting
  1089 | D        | Slain by a demonic crawler

Illustrated notes

Levels and vault maps discovered:
D:        dungeon_sprint_1 [red_sonja_temple_1, red_sonja_temple_small_1]

Skill      XL: |  1  2  3  4  5  6  7  8  9 10 |
---------------+-------------------------------+-----
Stealth        | 10 14 19 25 27 | 27.0
Short Blades   | 2 5 9 10 | 10.0
Spellcasting   | 3 4 7 10 | 10.5
Hexes          | 4 5 8 10 | 10.7
Fighting       | 2 4 7 |  7.1
Ice Magic      | 2 3 |  3.0
Dodging        | |  2.6

Action                     |  1- 3 |  4- 6 |  7- 9 | 10-12 || total
---------------------------+-------+-------+-------+-------++-------
  Melee: Dagger            |     6 |     4 |    10 |    51 ||    71
         Punch             |       |       |       |     1 ||     1
   Cast: Ensorcelled Hiber |       |     3 |     2 |     1 ||     6
         Confusing Touch   |       |       |       |     8 ||     8
         Dazzling Flash    |       |       |       |     2 ||     2
    Use: Potion            |     1 |       |     1 |     3 ||     5
         Scroll            |       |       |       |     4 ||     4
   Stab: Sleeping          |     2 |     4 |    10 |    14 ||    30
         Confused          |       |       |       |     6 ||     6
         Invisible         |       |       |       |     2 ||     2
 Armour: Swamp dragon scal |       |       |       |    13 ||    13
         Robe              |       |       |       |     4 ||     4
  Dodge: Dodged            |     3 |     1 |     3 |    44 ||    51

Table legend: (Time is in decaauts)
 A = Elapsed time spent in this place.
 B = Non-inter-level travel time spent in this place.
 C = Inter-level travel time spent in this place.
 D = Time resting spent in this place.
 E = Time spent auto-exploring this place.
 F = Levels seen in this place.
 G = Mean time per level.
                   A        B        C        D        E       F      G
               +--------+--------+--------+--------+--------+-----+--------+
         Total |    906 |    902 |      4 |    423 |      0 |   1 |  906.0 |
       Dungeon |    906 |    902 |      4 |    423 |      0 |   1 |  906.0 |
               +--------+--------+--------+--------+--------+-----+--------+

Top non-repeatable levels by time:
       D: 906 daAuts
